 Dungeon Crawl Stone Soup version 0.32-a0-643-ga006e7742e (webtiles) character file.

Game seed: 6220909130086948882

9 croobank the Sneak (level 2, -5/22 (24) HPs)
             Began as a Demonspawn Delver on Mar 8, 2024.
             Slain by a wight
             ... wielding a +0 halberd
              (16 damage)
             ... on level 6 of the Dungeon.
             The game lasted 00:01:31 (98 turns).

croobank the Sneak (Demonspawn Delver)                Turns: 98, Time: 00:01:31

HP:   -5/22 (24)    AC:  3    Str: 12    XL:     2   Next: 6%
MP:   2/2           EV: 12    Int: 10    God:
Gold: 9             SH:  0    Dex: 16    Spells: 1/1 levels left

rFire   . . .        h - +0 short sword (venom)
rCold   . . .        (no shield)
rNeg    . . .        b - +0 leather armour
rPois   .            (no helmet)
rElec   .            (no cloak)
rCorr   .            (no gloves)
SInv    .            (no boots)
Will    .....        (no amulet)
Stlth   ++++         (no ring)
HPRegen 0.23/turn    (no ring)
MPRegen 0.08/turn

%: no passive effects
@: hasted, drained, very quick
A: thin skeletal structure 1
a: no special abilities


You were on level 6 of the Dungeon.
You visited 1 branch of the dungeon, and saw 2 of its levels.

You collected 9 gold pieces.

Inventory:

Hand Weapons
 a - a +0 short sword
 h - a +0 short sword of venom (weapon)
Armour
 b - a +0 leather armour (worn)
Wands
 g - a wand of digging (2)
Scrolls
 c - 2 scrolls of fog


   Skills:
 + Level 3.1 Fighting
 + Level 2.0 Short Blades
 + Level 2.0 Dodging
 + Level 4.6 Stealth


You had one spell level left.
You didn't know any spells.
Your spell library was empty.

Dungeon Overview and Level Annotations

Branches:
Dungeon (6/15)
 Temple: D:4-7

Altars:

Shops:
D:5 *


Innate Abilities, Weirdness & Mutations

You have a somewhat thin skeletal structure. (Dex +2, Stealth+)


Message History

There is an open door here.
The helpless kobold fails to defend itself.
You puncture the kobold!
You kill the kobold!
A kobold comes into view. It is wielding a +0 dagger.
The kobold shouts! x3
The kobold barely misses you.
The kobold moves out of view.
The kobold shouts!
The kobold closely misses you.
Things that are here:
a +0 short sword of venom; a stone Your +0 short sword of venom begins to drip with poison!
h - a +0 short sword of venom (weapon)
As you read the scroll of revelation, it crumbles to dust.
You feel aware of your surroundings. The kobold hits you with a +0 dagger.
The kobold brigand shouts!
The kobold hits you but does no damage.
As you read the scroll of fear, it crumbles to dust.
You assume a fearsome visage.
The kobold brigand looks frightened!
The kobold looks frightened! x5
There is an open door here.
Found 9 gold pieces.
You now have 9 gold pieces.
Aiming: Dig
Press: ? - help, Shift-Dir - straight line A rock wall.
The rock shatters into small pieces. 5 wights come into view.
A wight is wielding a +1 great sword of freezing.
A wight is wielding a +4 long sword of freezing.
The wight moves out of view.
Found a stone staircase leading up.
The wight hits you with a +0 halberd!
You feel drained.
You feel yourself speed up. The wight hits you with a +0 halberd.
You feel drained. The wight barely misses you.
An ice beast comes into view.
The wight attacks as it pursues you!
The wight hits you from afar with a +0 halberd!
Ouch! That really hurt!
You die...

*,,,,* *,,,,,,,,,,,,,* *,,,,*
*,,,,,,,,,,,,,* *,,..*
*,,,,**,,***+**
*****##.############,,**,,***
,,,,,..............#,,*,,,,,*
,,,,,,.............+,,*,,,,,*
,,,,,,,#...........#*****,,****
,,,,,,,#...........#,,***,,**,**
,,,**,,#........@..#,,,,,,,,,,,*
,,,**,,#.....#####z#,,,,,,,,,,,*
,,,*,,,#.....+....#.z..#*,,,,,,*
,,,*,,,#.....#....*#...#*,,,*,,*
,,,*,,,#.....#######<..#********
,,,**,,#...........#,...#
+****,,#...........#*##.#
,,,*,,,#............,,,.Y#
,,,*,,,#............,,,,##*******


You could see 2 wights.

Vanquished Creatures
  An adder (D:6)
  A kobold (D:6)
2 creatures vanquished.

Notes
Turn   | Place    | Note
-------+----------+-------------------------------------------
     0 | D:5      | croobank the Demonspawn Delver began the quest for the Orb.
     0 | D:5      | Reached XP level 1. HP: 18/18 MP: 1/1
    30 | D:6      | Gained mutation: You have a somewhat thin skeletal
                  | structure. (Dex +2, Stealth+) [demonic ancestry]
    30 | D:6      | Reached XP level 2. HP: 22/24 MP: 2/2
    53 | D:6      | Noticed a kobold brigand
    94 | D:6      | Noticed a wight
    94 | D:6      | Noticed a wight
    94 | D:6      | Noticed a wight
    94 | D:6      | Noticed a wight
    94 | D:6      | Noticed a wight
    97 | D:6      | Noticed an ice beast
    98 | D:6      | Slain by a wight

Illustrated notes

Levels and vault maps discovered:
D:5:      layout_rooms, led_sif_book, minmay_temple_entry_proselytizer,
          chequers_serial_rivers_small_3, nicolae_take_the_stairs,
          serial_bayou_pond_b, uniq_pikel, uniq_sigmund
D:6:      layout_gridville

Skill      XL: |  1 |
---------------+----+-----
Short Blades   | 2 |  2.0
Dodging        | 2 |  2.0
Fighting       | |  3.1
Stealth        | |  4.6

Action                     || total
---------------------------++-------
  Melee: Short sword       ||     3
  Evoke: Wand              ||     1
    Use: Scroll            ||     2
         Potion            ||     1
   Stab: Sleeping          ||     2
 Armour: Leather armour    ||     7
  Dodge: Dodged            ||     3

Table legend: (Time is in decaauts)
 A = Elapsed time spent in this place.
 B = Non-inter-level travel time spent in this place.
 C = Inter-level travel time spent in this place.
 D = Time resting spent in this place.
 E = Time spent auto-exploring this place.
 F = Levels seen in this place.
 G = Mean time per level.
                   A        B        C        D        E       F      G
               +--------+--------+--------+--------+--------+-----+--------+
         Total |     97 |     97 |      0 |      0 |      0 |   2 |   48.5 |
       Dungeon |     97 |     97 |      0 |      0 |      0 |   2 |   48.5 |
               +--------+--------+--------+--------+--------+-----+--------+

Top non-repeatable levels by time:
     D:6: 90 daAuts
     D:5: 7 daAuts
